 Dungeon Crawl Stone Soup version 0.29.0-11-gd7f09526c8 (webtiles) character file.

Game seed: 9626805299415121213

56 SensoryNuts the Trooper (level 3, -4/29 HPs)
             Began as a Demonspawn Fighter on Sept 3, 2022.
             Slain by Robin
             ... wielding a +0 trident
              (6 damage)
             ... on level 2 of the Dungeon.
             The game lasted 00:02:04 (1617 turns).

SensoryNuts the Trooper (Demonspawn Fighter)        Turns: 1617, Time: 00:02:04

Health: -4/29      AC:  6    Str: 16    XL:     3   Next: 69%
Magic:  3/3        EV:  8    Int:  9    God:
Gold:   53         SH:  5    Dex: 14    Spells: 2/2 levels left

rFire   + . .      SeeInvis .   a - +1 long sword
rCold   + . .      Faith    .   c - +0 buckler
rNeg    . . .      Spirit   .   b - +0 scale mail
rPois   +          Reflect  .   (no helmet)
rElec   +          Harm     .   (no cloak)
rCorr   +          Rampage  .   (no gloves)
Will    .....                   (no boots)
Stlth   ..........              (no amulet)
HPRegen 0.09/turn               (no ring)
MPRegen 0.08/turn               (no ring)

@: mighty, resistant, attractive, hasted, very quick
A: demonic guardian 1
a: no special abilities


You were on level 2 of the Dungeon.
You visited 1 branch of the dungeon, and saw 2 of its levels.

You collected 53 gold pieces.

Inventory:

Hand Weapons
 a - a +1 long sword (weapon)
Armour
 b - a +0 scale mail (worn)
 c - a +0 buckler (worn)
Jewellery
 f - a +4 ring of protection
Scrolls
 j - a scroll of fog


   Skills:
 + Level 3.2 Fighting
 * Level 2.6 Long Blades
 + Level 3.2 Armour
 + Level 0.1 Dodging
 + Level 3.1 Shields


You had 2 spell levels left.
You didn't know any spells.
Your spell library was empty.

Dungeon Overview and Level Annotations

Branches:
Dungeon (2/15)

Altars:

Annotations:
D:2 Robin


Innate Abilities, Weirdness & Mutations

A weak demonic guardian rushes to your aid.


Message History

The hobgoblin barely misses your quasit.
You block the goblin's attack.
You feel protected.
Your quasit bites the hobgoblin but does no damage.
Your quasit barely misses the hobgoblin.
Your quasit claws the hobgoblin but does no damage.
Unknown command.
You slash the goblin!
You kill the goblin!
The goblin no longer looks unusually strong.
The hobgoblin hits your quasit. The goblin closely misses your quasit.
Robin closely misses you. You block the goblin's attack.
Your quasit misses the hobgoblin.
Your quasit claws the hobgoblin but does no damage.
Your quasit claws the hobgoblin.
The hobgoblin misses your quasit.
The goblin hits your quasit but does no damage.
Your quasit closely misses the hobgoblin.
Your quasit claws the hobgoblin. x2
You see here a +0 dagger.
Your quasit barely misses the hobgoblin.
Your quasit claws the hobgoblin but does no damage.
Your quasit closely misses the hobgoblin.
The goblin is attracted toward you. Robin is attracted toward you.
The hobgoblin is attracted toward you.
Your quasit barely misses the hobgoblin. x2
Your quasit completely misses the hobgoblin.
The adder is attracted toward you.
The adder bites your quasit but does no damage.
The hobgoblin barely misses your quasit.
Robin roars a battlecry!
The goblins go into a battle-frenzy!
You hear an angry hiss.
Robin is attracted toward you. The goblin is attracted toward you.
The adder is attracted toward you. Something is attracted toward you.
You slash the goblin!
You kill the goblin!
An adder comes into view.
Robin hits you from afar with a +0 trident.
You die...

.... #... #..#
#§.# #..# #gw# #.#
# #..#.#.##
#.######Sg#.#..##
#..@)ggS5g)......
#S######.)#...<##
# #..#..#..##
#........†##
#######.#.......##
..................
#######.#.##.#.##.
................##
..........##.#####


You could see Robin, 2 adders and a goblin (strong).

Vanquished Creatures
  2 worms (D:2)
  3 bats
  2 endoplasms
  2 giant cockroaches (D:1)
  3 hobgoblins (D:1)
  3 kobolds (D:1)
  4 quokkas
  4 ball pythons
  2 frilled lizards (D:1)
  9 goblins
  7 rats
41 creatures vanquished.

Vanquished Creatures (collateral kills)
  A giant cockroach (D:2)
  3 goblins (D:2)
4 creatures vanquished.

Vanquished Creatures (others)
  4 toadstools (D:1)
4 creatures vanquished.

Grand Total: 49 creatures vanquished

Notes
Turn   | Place    | Note
-------+----------+-------------------------------------------
     0 | D:1      | SensoryNuts the Demonspawn Fighter began the quest for the
                  | Orb.
     0 | D:1      | Reached XP level 1. HP: 18/18 MP: 1/1
   173 | D:1      | Found a faded altar of an unknown god.
   244 | D:1      | Gained mutation: A weak demonic guardian rushes to your
                  | aid. [demonic ancestry]
   244 | D:1      | Reached XP level 2. HP: 21/24 MP: 2/2
   858 | D:1      | Reached XP level 3. HP: 28/29 MP: 3/3
  1590 | D:2      | Noticed Robin
  1617 | D:2      | Slain by Robin

Illustrated notes

Levels and vault maps discovered:
D:1:      ldierk_walled_garden_2, layout_loops_ring,
          hellmonk_ecumenical_altar_heavens_door, minmay_misc_feat_rows
D:2:      layout_basic, uniq_jessica, uniq_robin

Skill      XL: |  1  2 |
---------------+-------+-----
Armour         | 3 |  3.2
Shields        | 3 |  3.1
Long Blades    | 2 |  2.6
Fighting       | |  3.2
Dodging        | |  0.1

Action                   || total
-------------------------++-------
Melee: Long sword        ||   129
  Use: Scroll            ||     7
       Potion            ||     5
Armor: Scale mail        ||    81
Dodge: Dodged            ||    64
Block: Buckler           ||    38
